 Dungeon Crawl Stone Soup version 0.31-a0-182-gc5ef74bbde (webtiles) character file.

Game seed: 4758384938292651962

75817 qw the Severer (level 15, -10/96 HPs)
             Began as a Gargoyle Fighter on June 20, 2023.
             Was a High Priest of Okawaru.
             Mangled by a white ugly thing (52 damage)
             ... on level 15 of the Dungeon.
             The game lasted 00:10:20 (18630 turns).

qw the Severer (Gargoyle Fighter)                  Turns: 18630, Time: 00:10:21

Health: -10/96     AC: 35    Str: 37    XL:     15   Next: 51%
Magic:  21/22      EV: 16    Int: 12    God:    Okawaru [*****.]
Gold:   148        SH: 17    Dex: 11    Spells: 14/14 levels left

rFire   . . .        p - +2 war axe (vamp)
rCold   x . .        t - +4 kite shield of the Moon Troll {rC- rN+ Int+4}
rNeg    + + .        y - +0 plate armour
rPois   inf          l - +0 helmet
rElec   +            b - +0 cloak
rCorr   .            v - +2 pair of gloves {Dex+3}
SInv    .            (no boots)
Will    +....        q - amulet of faith Stlth
                     u - +6 ring of strength
HPRegen 0.36/turn    h - +5 ring of evasion
MPRegen 0.18/turn

%: clarity, faith
@: about to teleport, heroic, flying
A: sickness immunity, AC +11, big wings, negative energy resistance 1,
electricity resistance, torment resistance 1, petrification resistance, hooves
1, clarity, strong 1
a: Renounce Religion, Heroism, Finesse, Duel


You were on level 15 of the Dungeon.
You worshipped Okawaru.
Okawaru was extremely pleased with you.
You visited 3 branches of the dungeon, and saw 21 of its levels.

You collected 1174 gold pieces.
You spent 1026 gold pieces at shops.


Innate Abilities, Weirdness & Mutations

You are immune to sickness and miasma.
Your stone body is resilient. (AC +11)
You are immune to poison.
Your large and strong wings let you fly.
You resist negative energy. (rN+)
You are resistant to electric shocks. (rElec)
You are resistant to unholy torment.
You are immune to petrification.
You have large cloven feet.
You possess an exceptional clarity of mind.
Your muscles are strong. (Str +4, Int/Dex -1)


   Skills:
 - Level 12.0(17.0) Fighting
 - Level 16.0(21.0) Axes
 + Level 5.8(10.8) Throwing
 - Level 11.1(16.1) Armour
 - Level 3.1(8.1) Dodging
 - Level 12.0(17.0) Shields
 - Level 10.0 Invocations


You had 14 spell levels left.
You didn't know any spells.
Your spell library was empty.

Inventory:

Hand Weapons
 c - a +2 war axe
 k - a +1 eveningstar
 p - a +2 vampiric war axe (weapon)
Missiles
 g - 12 boomerangs
 A - 2 silver javelins
 C - 2 javelins
 D - 3 silver boomerangs (quivered)
Armour
 b - a +0 cloak (worn)
 l - a +0 helmet (worn)
 t - the +4 kite shield of the Moon Troll (worn) {rC- rN+ Int+4}
   (Okawaru gifted it to you on level 4 of the Lair of Beasts)

   Int:       It affects your intelligence (+4).
   rC:        It makes you vulnerable to cold.
   rN:        It protects you from negative energy.
 v - a +2 pair of gloves of dexterity (worn)
 y - a +0 plate armour (worn)
 z - a +3 scale mail of cold resistance
 B - the +3 ring mail of Pohomn {rF+ rC+ Dex-2}
   (Okawaru gifted it to you on level 12 of the Dungeon)

   Dex:       It affects your dexterity (-2).
   rF:        It protects you from fire.
   rC:        It protects you from cold.
Jewellery
 h - a +5 ring of evasion (right hand)
 o - a ring of protection from fire
 q - an amulet of faith (around neck)
 u - a +6 ring of strength (left hand)
Scrolls
 i - 5 scrolls of teleportation
 j - 8 scrolls of identify
 E - a scroll of brand weapon
Potions
 a - a potion of mutation
 d - 5 potions of might
 e - 3 potions of magic
 f - 6 potions of curing
 m - 3 potions of heal wounds
 n - 2 potions of attraction
 r - 2 potions of resistance
 s - a potion of enlightenment
 w - 3 potions of lignification
 x - 5 potions of haste

Dungeon Overview and Level Annotations

Branches:
Dungeon (15/15)            Temple (1/1) D:7            Lair (5/5) D:8
 Shoals (0/4) Lair:2       Spider (0/4) Lair:2        Slime (0/5) Lair:5
    Orc (0/2) D:9          Vaults (0/5) D:14         Depths (0/4) D:15

Altars:
Ashenzari
Cheibriados
Dithmenos
Elyvilon
Fedhas
Gozag
Hepliaklqana
Kikubaaqudgha
Makhleb
Nemelex Xobeh
Okawaru
Qazlal
Ru
Sif Muna
Trog
Uskayaw
Vehumet
Wu Jian
Xom
Yredelemnul
Zin
The Shining One
Jiyva

Shops:
D:9 (*!!   D:14 ?

Annotations:
D:10 1 runed translucent door, qw's ghost, journeyman GrFi
Lair:5 1 runed translucent door


Message History

You block the cyclops's attack.
You hit the cyclops but do no damage. You kick the cyclops, but do no damage.
The cyclops is severely wounded.
You hit the white ugly thing.
You hit the purple ugly thing but do no damage.
You block the purple ugly thing's attack.
You block the cyclops's attack.
You slash the cyclops!
The cyclops is almost dead.
You closely miss the white ugly thing. You slash the purple ugly thing!
The white ugly thing stings you. The white ugly thing freezes you!!!
You feel a terrible chill!
You block the purple ugly thing's attack.
You hit the cyclops.
You kill the cyclops!
Okawaru accepts your kill.
You slash the purple ugly thing! You slash the white ugly thing!
You feel better.
You block the white ugly thing's attack.
You completely miss the purple ugly thing.
Your kick misses the purple ugly thing.
The purple ugly thing is heavily wounded.
You barely miss the white ugly thing. You closely miss the white ugly thing.
The purple ugly thing tail-slaps you but does no damage.
The white ugly thing claws you. The white ugly thing freezes you!!
You feel a terrible chill!
The white ugly thing stings you but does no damage.
18629 ||| READING 6 scrolls of teleportation.
As you read the scroll of teleportation, it crumbles to dust.
You feel strangely unstable.
You block the purple ugly thing's attack.
You block the white ugly thing's attack. x2
18630 ||| DRINKING 4 potions of heal wounds.
You feel much better.
You block the purple ugly thing's attack.
The white ugly thing stings you but does no damage.
The white ugly thing claws you. The white ugly thing freezes you!!!
You feel a terrible chill!
Ouch! That really hurt!
You die...

.##. #... ..#
#.# ..#+###
).# .......
..# .......
..# .=.....
..# .......
..#
####u......
..##
####..@u......
...#
#....##u.?....
8..# ###.####
......?
...######...#
#######
#.........###
###.#####.#
..#.# #.#
#.#.# #.# #.#
#.#


You could see 3 ugly things.

Vanquished Creatures
  Roxanne (D:14)
  A juggernaut zombie (D:15)
  8 vault guards (D:14)
  A centaur warrior (D:14)
  A catoblepas (Lair:4)
  2 hydras
  3 two-headed ogres
  4 death yaks (Lair:5)
  A storm dragon zombie (D:15)
  A tengu warrior (D:13)
  A boulder beetle (D:11)
  Urug (Lair:5)
  Amaemon (Lair:3)
  7 skeletal warriors
  2 skysharks (Lair:4)
  An orange crystal statue (D:9)
  A flayed ghost (D:15)
  A lindwurm (Lair:5)
  2 necromancers
  3 harpies (Lair:2)
  3 deep elf pyromancers
  A stone giant zombie (D:15)
  5 cyclopes
  13 ugly things
  4 manticores
  5 elephants (Lair:5)
  4 black mambas
  A stone giant skeleton (D:15)
  Joseph (D:10)
  2 gargoyles
  8 torpor snails
  An orange demon (Lair:3)
  13 cane toads
  A rime drake (Lair:2)
  7 komodo dragons
  2 kobold demonologists
  2 efreet (D:14)
  5 trolls
  A polar bear (Lair:1)
  8 hornets
  4 tyrant leeches (Lair:5)
  17 blink frogs
  Sigmund (D:2)
  7 dream sheep (Lair:5)
  8 slime creatures
  A vampire (D:10)
  4 wraiths
  43 yaks
  A shadow (D:9)
  5 basilisks
  5 wyverns
  13 vampire mosquitoes
  5 acid dragons
  16 water moccasins
  2 orc warriors
  2 ice beasts
  A black bear (D:8)
  A centaur (D:6)
  10 wolves
  2 phantoms
  7 kobold brigands
  17 bullfrogs
  A gnoll sergeant (D:13)
  2 scorpions (D:5)
  15 wights
  10 killer bees (D:9)
  A howler monkey (D:7)
  2 electric eels (Lair:4)
  3 jellies
  8 orc priests
  7 hounds
  2 gnoll boudas (D:6)
  3 iguanas
  Jessica (D:2)
  12 orc wizards
  A sleepcap (D:6)
  Terence (D:3)
  3 yak simulacra (Lair:5)
  A polar bear simulacrum (Lair:5)
  3 wolf simulacra (Lair:5)
  10 adders
  19 gnolls
  A worm (D:3)
  3 dart slugs
  38 orcs
  3 bats
  7 endoplasms
  5 giant cockroaches
  9 goblins
  7 hobgoblins
  10 jackals
  5 quokkas
  2 ball pythons
  6 frilled lizards
  20 kobolds
  6 rats
  4 river rat simulacra (Lair:5)
533 creatures vanquished.

Notes
Turn   | Place    | Note
-------+----------+-------------------------------------------
     0 | D:1      | qw the Gargoyle Fighter began the quest for the Orb.
     0 | D:1      | Reached XP level 1. HP: 14/14 MP: 1/1
     0 | D:1      | 0 ||| qw: Version: 0.3-a-9-g12657ce
     0 | D:1      | 0 ||| qw: Game counter: 1503
     0 | D:1      | 0 ||| qw: Always use a shield: true
     0 | D:1      | 0 ||| qw: God list: Okawaru
     0 | D:1      | 0 ||| qw: Allow faded altars: false
     0 | D:1      | 0 ||| qw: Do Orc after D:15 true
     0 | D:1      | 0 ||| qw: Do second Lair branch before Depths: true
     0 | D:1      | 0 ||| qw: Lair rune preference: random
     0 | D:1      | 0 ||| qw: Plans: Normal, Zot:1-4, Slime:5, God:TSO, Crypt,
                  | Tomb, Abyss, Pan, Hells, Win
     0 | D:1      | 0 ||| PLANNING D:1-11
    46 | D:1      | Reached skill level 2 in Axes
   203 | D:1      | Reached XP level 2. HP: 16/19 MP: 2/2
   227 | D:1      | 227 ||| Stepping ~*~*~tactically~*~*~ (hiding).
   525 | D:1      | Found a faded altar of an unknown god.
   597 | D:1      | Reached skill level 3 in Axes
   765 | D:1      | Reached XP level 3. HP: 23/23 MP: 3/3
   765 | D:1      | 765 ||| UPGRADING to +0 chain mail.
   775 | D:1      | 775 ||| DROPPING +0 scale mail.
   776 | D:1      | 776 ||| UPGRADING to ring of protection from fire.
   777 | D:1      | 777 ||| READING scroll labelled APSIFU UFUEKYM.
   782 | D:1      | 782 ||| READING 2 scrolls labelled PUDADD ATIOGO.
   783 | D:1      | 783 ||| READING scroll of enchant weapon.
   783 | D:1      | 783 ||| ENCHANTING +1 war axe.
   784 | D:1      | 784 ||| READING scroll labelled FIRYSALESE.
   785 | D:1      | 785 ||| READING 2 scrolls labelled BEORRAB UQATO.
   786 | D:1      | 786 ||| READING scroll labelled OHOKYT YS HADD.
   787 | D:1      | 787 ||| READING 3 scrolls labelled YLIUXT JAGO.
   788 | D:1      | 788 ||| DRINKING 2 amethyst potions.
   788 | D:1      | Gained mutation: You occasionally lose the ability to read
                  | scrolls when taking damage. [potion of mutation]
   788 | D:1      | Gained mutation: You are weak. (Str -2) [potion of
                  | mutation]
   789 | D:1      | 789 ||| DRINKING potion of mutation.
   789 | D:1      | Lost mutation: You occasionally lose the ability to read
                  | scrolls when taking damage. [potion of mutation]
   789 | D:1      | Lost mutation: You are weak. (Str -2) [potion of mutation]
   789 | D:1      | Gained mutation: Your muscles are strong. (Str +4, Int/Dex
                  | -1) [potion of mutation]
   789 | D:1      | Gained mutation: You have large cloven feet. [potion of
                  | mutation]
   789 | D:1      | Gained mutation: You possess an exceptional clarity of
                  | mind. [potion of mutation]
   790 | D:1      | 790 ||| DRINKING 2 metallic clear potions.
   791 | D:1      | 791 ||| DROPPING 2 scrolls of fear.
   876 | D:2      | Found a glowing golden altar of the Shining One.
  1049 | D:2      | Noticed Sigmund
  1050 | D:2      | 1050 ||| Stepping ~*~*~tactically~*~*~ (hiding).
  1059 | D:2      | Killed Sigmund
  1060 | D:2      | Reached skill level 5 in Axes
  1060 | D:2      | Reached XP level 4. HP: 18/28 MP: 4/4
  1060 | D:2      | Reached XP level 5. HP: 21/32 MP: 5/5
  1160 | D:2      | Noticed Jessica
  1161 | D:2      | 1161 ||| Stepping ~*~*~tactically~*~*~ (hiding).
  1163 | D:2      | 1163 ||| Stepping ~*~*~tactically~*~*~ (hiding).
  1169 | D:2      | Killed Jessica
  1170 | D:2      | Reached XP level 6. HP: 38/38 MP: 6/6
  1250 | D:2      | 1250 ||| Stepping ~*~*~tactically~*~*~ (hiding).
  1251 | D:2      | 1251 ||| Stepping ~*~*~tactically~*~*~ (hiding).
  1502 | D:2      | 1502 ||| UPGRADING to +0 cloak.
  1507 | D:2      | 1507 ||| DRINKING 2 glowing black potions.
  1508 | D:2      | 1508 ||| READING 4 scrolls of identify.
  1508 | D:2      | 1508 ||| IDENTIFYING glowing orange potion
  1509 | D:2      | 1509 ||| READING 3 scrolls of identify.
  1509 | D:2      | 1509 ||| IDENTIFYING ruby potion
  1510 | D:2      | 1510 ||| READING 2 scrolls of identify.
  1510 | D:2      | 1510 ||| IDENTIFYING sapphire potion
  1511 | D:2      | 1511 ||| DROPPING potion of invisibility.
  1614 | D:3      | 1614 ||| Stepping ~*~*~tactically~*~*~ (stealth).
  1655 | D:3      | Reached skill level 1 in Throwing
  1755 | D:3      | 1755 ||| DROPPING +0 whip.
  1799 | D:3      | 1799 ||| Stepping ~*~*~tactically~*~*~ (stealth).
  1867 | D:3      | 1867 ||| Stepping ~*~*~tactically~*~*~ (hiding).
  1996 | D:3      | Noticed Terence
  2004 | D:3      | Killed Terence
  2282 | D:3      | 2282 ||| FLEEEEING.
  2283 | D:3      | 2283 ||| FLEEEEING.
  2284 | D:3      | 2284 ||| FLEEEEING.
  2285 | D:3      | 2285 ||| FLEEEEING.
  2286 | D:3      | 2286 ||| FLEEEEING.
  2287 | D:3      | 2287 ||| FLEEEEING.
  2288 | D:3      | 2288 ||| FLEEEEING.
  2289 | D:3      | 2289 ||| FLEEEEING.
  2296 | D:3      | 2296 ||| FLEEEEING.
  2297 | D:3      | 2297 ||| FLEEEEING.
  2298 | D:3      | 2298 ||| FLEEEEING.
  2299 | D:3      | 2299 ||| FLEEEEING.
  2300 | D:3      | 2300 ||| FLEEEEING.
  2301 | D:3      | 2301 ||| FLEEEEING.
  2302 | D:3      | 2302 ||| FLEEEEING.
  2303 | D:3      | 2303 ||| FLEEEEING.
  2307 | D:3      | 2307 ||| FLEEEEING.
  2310 | D:3      | 2310 ||| FLEEEEING.
  2311 | D:3      | 2311 ||| FLEEEEING.
  2312 | D:3      | 2312 ||| FLEEEEING.
  2313 | D:3      | 2313 ||| FLEEEEING.
  2319 | D:3      | 2319 ||| FLEEEEING.
  2320 | D:3      | 2320 ||| FLEEEEING.
  2321 | D:3      | 2321 ||| FLEEEEING.
  2322 | D:3      | 2322 ||| FLEEEEING.
  2323 | D:3      | 2323 ||| FLEEEEING.
  2423 | D:3      | Reached skill level 6 in Axes
  2584 | D:4      | Reached XP level 7. HP: 27/43 MP: 7/7
  2697 | D:4      | Reached skill level 1 in Dodging
  2929 | D:4      | 2929 ||| Stepping ~*~*~tactically~*~*~ (stealth).
  2930 | D:4      | 2930 ||| DROPPING +0 mace.
  2953 | D:4      | 2953 ||| Stepping ~*~*~tactically~*~*~ (stealth).
  3305 | D:4      | 3305 ||| READING scroll labelled SOMIKL IGUONT.
  3305 | D:4      | Identified a scroll of acquirement
  3305 | D:4      | 3305 ||| ACQUIRING +1 buckler of positive energy
  3305 | D:4      | Acquired a +1 buckler of positive energy
  3307 | D:4      | 3307 ||| UPGRADING to +1 buckler of positive energy.
  3317 | D:4      | 3317 ||| DROPPING +0 buckler.
  3356 | D:5      | Entered Level 5 of the Dungeon
  3376 | D:5      | Reached skill level 7 in Axes
  3441 | D:5      | 3441 ||| Stepping ~*~*~tactically~*~*~ (stealth).
  3444 | D:5      | 3444 ||| Stepping ~*~*~tactically~*~*~ (hiding).
  3652 | D:5      | 3652 ||| Stepping ~*~*~tactically~*~*~ (hiding).
  3763 | D:5      | 3763 ||| DROPPING +0 flail.
  3822 | D:5      | HP: 11/44 [gnoll/+0 halberd (2)]
  3823 | D:5      | 3823 ||| READING 2 scrolls of teleportation.
  3824 | D:5      | 3824 ||| DRINKING 2 potions of heal wounds.
  3863 | D:5      | 3863 ||| Stepping ~*~*~tactically~*~*~ (hiding).
  3864 | D:5      | 3864 ||| Stepping ~*~*~tactically~*~*~ (hiding).
  3953 | D:5      | 3953 ||| Stepping ~*~*~tactically~*~*~ (stealth).
  3956 | D:5      | 3956 ||| Stepping ~*~*~tactically~*~*~ (stealth).
  3957 | D:5      | 3957 ||| Stepping ~*~*~tactically~*~*~ (stealth).
  3958 | D:5      | 3958 ||| Stepping ~*~*~tactically~*~*~ (stealth).
  3959 | D:5      | 3959 ||| Stepping ~*~*~tactically~*~*~ (stealth).
  3960 | D:5      | 3960 ||| Stepping ~*~*~tactically~*~*~ (stealth).
  3961 | D:5      | 3961 ||| Stepping ~*~*~tactically~*~*~ (stealth).
  3963 | D:5      | 3963 ||| Stepping ~*~*~tactically~*~*~ (stealth).
  4015 | D:5      | Reached XP level 8. HP: 48/48 MP: 8/8
  4257 | D:5      | 4257 ||| READING scroll labelled DETIPUBREC.
  4258 | D:5      | 4258 ||| READING scroll labelled GAKHLI ATUN.
  4259 | D:5      | 4259 ||| READING 3 scrolls of identify.
  4259 | D:5      | 4259 ||| IDENTIFYING blue potion
  4260 | D:5      | 4260 ||| DROPPING potion of brilliance.
  4318 | D:6      | 4318 ||| Stepping ~*~*~tactically~*~*~ (stealth).
  4441 | D:6      | Found an ancient bone altar of Kikubaaqudgha.
  4445 | D:6      | 4445 ||| Stepping ~*~*~tactically~*~*~ (stealth).
  4488 | D:6      | Found a blossoming altar of Fedhas.
  4591 | D:6      | 4591 ||| Stepping ~*~*~tactically~*~*~ (hiding).
  4598 | D:6      | Reached skill level 8 in Axes
  4637 | D:6      | 4637 ||| Stepping ~*~*~tactically~*~*~ (stealth).
  4640 | D:6      | 4640 ||| Stepping ~*~*~tactically~*~*~ (stealth).
  4790 | D:6      | Reached skill level 6 in Fighting
  4975 | D:6      | Found a shadowy altar of Dithmenos.
  4976 | D:6      | Found a broken altar of Ashenzari.
  4977 | D:6      | Found a glowing silver altar of Zin.
  4977 | D:6      | Found a sacrificial altar of Ru.
  4977 | D:6      | Found an ornate altar of the Wu Jian Council.
  4977 | D:6      | Found an opulent altar of Gozag.
  4978 | D:6      | Found a snail-covered altar of Cheibriados.
  4979 | D:6      | Found a glowing golden altar of the Shining One.
  4982 | D:6      | Found a sparkling altar of Nemelex Xobeh.
  5214 | D:7      | Reached skill level 9 in Axes
  5214 | D:7      | Reached XP level 9. HP: 55/55 MP: 9/9
  5254 | D:7      | Found a staircase to the Ecumenical Temple.
  5256 | D:7      | 5256 ||| PLANNING TEMPLE
  5264 | Temple   | Entered the Ecumenical Temple
  5276 | Temple   | 5276 ||| PLANNING OKAWARU WORSHIP
  5438 | Temple   | Became a worshipper of Warmaster Okawaru
  5439 | Temple   | 5439 ||| PLANNING D:1-11
  5494 | D:7      | 5494 ||| Stepping ~*~*~tactically~*~*~ (stealth).
  5761 | D:7      | 5761 ||| Stepping ~*~*~tactically~*~*~ (stealth).
  5905 | D:7      | 5905 ||| DROPPING +2 heavy flail.
  5909 | D:7      | Reached * piety under Okawaru
  5920 | D:7      | Reached skill level 1 in Invocations
  5990 | D:7      | 5990 ||| Stepping ~*~*~tactically~*~*~ (stealth).
  6117 | D:7      | 6117 ||| UPGRADING to +5 ring of evasion.
  6118 | D:7      | 6118 ||| READING scroll labelled AMOAXU CYKLAI.
  6157 | D:8      | Noticed a hornet
  6165 | D:8      | 6165 ||| STAIRDANCE
  6168 | D:7      | 6168 ||| INVOKING Heroism.
  6170 | D:7      | Killed a hornet
  6304 | D:8      | Found a staircase to the Lair.
  6349 | D:8      | 6349 ||| Stepping ~*~*~tactically~*~*~ (hiding).
  6356 | D:8      | 6356 ||| INVOKING Heroism.
  6360 | D:8      | 6360 ||| Stepping ~*~*~tactically~*~*~ (hiding).
  6362 | D:8      | 6362 ||| Stepping ~*~*~tactically~*~*~ (hiding).
  6371 | D:8      | 6371 ||| Stepping ~*~*~tactically~*~*~ (hiding).
  6529 | D:8      | Reached skill level 10 in Axes
  6544 | D:8      | 6544 ||| INVOKING Heroism.
  6560 | D:8      | Reached skill level 3 in Invocations
  6574 | D:8      | 6574 ||| SWAPPING to +1 vampiric war axe.
  6790 | D:8      | 6790 ||| PLANNING LAIR
  6790 | D:8      | 6790 ||| READING scroll labelled VOIR EZITROAC.
  6791 | D:8      | 6791 ||| READING scroll labelled JAUXUO CUGO.
  6838 | Lair:1   | Entered Level 1 of the Lair of Beasts
  6874 | Lair:1   | Noticed a komodo dragon
  6875 | Lair:1   | 6875 ||| INVOKING Heroism.
  6879 | Lair:1   | Killed a komodo dragon
  6880 | Lair:1   | Reached XP level 10. HP: 64/64 MP: 9/12
  6998 | Lair:1   | Noticed a cane toad
  6999 | Lair:1   | 6999 ||| INVOKING Heroism.
  7005 | Lair:1   | Killed a cane toad
  7027 | Lair:1   | 7027 ||| INVOKING Heroism.
  7045 | Lair:1   | Reached ** piety under Okawaru
  7177 | Lair:1   | 7177 ||| INVOKING Heroism.
  7180 | Lair:1   | Reached skill level 11 in Axes
  7548 | Lair:1   | Reached skill level 3 in Throwing
  7584 | Lair:1   | Noticed a cane toad
  7585 | Lair:1   | 7585 ||| INVOKING Heroism.
  7589 | Lair:1   | Killed a cane toad
  7590 | Lair:1   | Reached skill level 9 in Fighting
  7590 | Lair:1   | Reached XP level 11. HP: 71/71 MP: 11/14
  7640 | Lair:1   | 7640 ||| Stepping ~*~*~tactically~*~*~ (stealth).
  7777 | Lair:1   | 7777 ||| INVOKING Heroism.
  7984 | Lair:1   | 7984 ||| DROPPING scarf of shadows.
  7985 | Lair:1   | 7985 ||| UPGRADING to +0 pair of gloves of dexterity.
  7990 | Lair:1   | 7990 ||| UPGRADING to +6 ring of strength.
  7992 | Lair:1   | 7992 ||| READING 3 scrolls of identify.
  7992 | Lair:1   | 7992 ||| IDENTIFYING smoky black potion
  7993 | Lair:1   | 7993 ||| READING 2 scrolls of identify.
  7993 | Lair:1   | 7993 ||| IDENTIFYING bubbling black potion
  8009 | Lair:2   | 8009 ||| Stepping ~*~*~tactically~*~*~ (stealth).
  8010 | Lair:2   | 8010 ||| Stepping ~*~*~tactically~*~*~ (stealth).
  8023 | Lair:2   | Reached skill level 6 in Armour
  8024 | Lair:2   | Reached *** piety under Okawaru
  8133 | Lair:2   | Found a hole to the Spider Nest.
  8179 | Lair:2   | Noticed a harpy
  8179 | Lair:2   | Noticed a harpy
  8186 | Lair:2   | Killed a harpy
  8190 | Lair:2   | Killed a harpy
  8190 | Lair:2   | Reached **** piety under Okawaru
  8238 | Lair:2   | Noticed a harpy
  8249 | Lair:2   | Killed a harpy
  8262 | Lair:2   | Found a staircase to the Shoals.
  8277 | Lair:2   | 8277 ||| INVOKING Heroism.
  8359 | Lair:2   | 8359 ||| Stepping ~*~*~tactically~*~*~ (stealth).
  8363 | Lair:2   | 8363 ||| INVOKING Heroism.
  8437 | Lair:2   | Reached skill level 12 in Axes
  8514 | Lair:2   | Received a gift from Okawaru
  8515 | Lair:2   | Reached skill level 6 in Shields
  8562 | Lair:2   | 8562 ||| INVOKING Heroism.
  8611 | Lair:2   | Reached skill level 6 in Invocations
  8622 | Lair:2   | Found the +8 whip "Snakebite" {venom, curare, rPois}
  8747 | Lair:2   | 8747 ||| Stepping ~*~*~tactically~*~*~ (stealth).
  8748 | Lair:2   | 8748 ||| INVOKING Heroism.
  8749 | Lair:2   | 8749 ||| Stepping ~*~*~tactically~*~*~ (stealth).
  8751 | Lair:2   | 8751 ||| Stepping ~*~*~tactically~*~*~ (stealth).
  8761 | Lair:2   | Reached skill level 3 in Dodging
  8986 | Lair:2   | 8986 ||| READING 4 scrolls of identify.
  8986 | Lair:2   | 8986 ||| IDENTIFYING murky coppery potion
  8987 | Lair:2   | 8987 ||| DROPPING potion of berserk rage.
  9024 | Lair:3   | 9024 ||| INVOKING Heroism.
  9032 | Lair:3   | Noticed Amaemon
  9040 | Lair:3   | Reached XP level 12. HP: 77/77 MP: 15/17
  9046 | Lair:3   | Reached ***** piety under Okawaru
  9053 | Lair:3   | Killed Amaemon
  9096 | Lair:3   | 9096 ||| Stepping ~*~*~tactically~*~*~ (stealth).
  9124 | Lair:3   | 9124 ||| INVOKING Heroism.
  9128 | Lair:3   | Received a gift from Okawaru
  9267 | Lair:3   | Reached skill level 9 in Invocations
  9686 | Lair:3   | 9686 ||| INVOKING Heroism.
  9878 | Lair:3   | 9878 ||| READING 4 scrolls of identify.
  9878 | Lair:3   | 9878 ||| IDENTIFYING white potion
  9905 | Lair:4   | 9905 ||| INVOKING Heroism.
  9952 | Lair:4   | 9952 ||| Stepping ~*~*~tactically~*~*~ (stealth).
 10039 | Lair:4   | 10039 ||| INVOKING Heroism.
 10090 | Lair:4   | 10090 ||| INVOKING Heroism.
 10142 | Lair:4   | Noticed a skyshark
 10150 | Lair:4   | Killed a skyshark
 10151 | Lair:4   | Reached skill level 13 in Axes
 10318 | Lair:4   | Noticed a skyshark
 10335 | Lair:4   | Killed a skyshark
 10336 | Lair:4   | Reached XP level 13. HP: 82/82 MP: 20/20
 10344 | Lair:4   | Found a stormy altar of Qazlal.
 10689 | Lair:4   | 10689 ||| INVOKING Heroism.
 10690 | Lair:4   | 10690 ||| INVOKING Finesse.
 10701 | Lair:4   | Identified the +4 kite shield of the Moon Troll {rC- rN+
                  | Int+4} (Okawaru gifted it to you on level 4 of the Lair of
                  | Beasts)
 10701 | Lair:4   | Received a gift from Okawaru
 10937 | Lair:4   | 10937 ||| UPGRADING to +4 kite shield of the Moon Troll
                  | {rC- rN+ Int+4}.
 10947 | Lair:4   | 10947 ||| DROPPING +1 buckler of positive energy.
 10948 | Lair:4   | 10948 ||| UPGRADING to +0 plate armour.
 10958 | Lair:4   | 10958 ||| DROPPING +0 chain mail.
 10959 | Lair:4   | 10959 ||| READING 3 scrolls of identify.
 10959 | Lair:4   | 10959 ||| IDENTIFYING orange potion
 10960 | Lair:4   | 10960 ||| DROPPING potion of degeneration.
 10988 | Lair:5   | Entered Level 5 of the Lair of Beasts
 10988 | Lair:5   | Noticed Urug
 10989 | Lair:5   | 10989 ||| STAIRDANCE
 11093 | Lair:5   | 11093 ||| INVOKING Heroism.
 11094 | Lair:5   | 11094 ||| INVOKING Finesse.
 11102 | Lair:5   | Killed Urug
 11126 | Lair:5   | 11126 ||| INVOKING Finesse.
 11138 | Lair:5   | 11138 ||| INVOKING Heroism.
 11203 | Lair:5   | 11203 ||| DROPPING +0 morningstar.
 11204 | Lair:5   | 11204 ||| DROPPING -1 demon whip of venom.
 11252 | Lair:5   | 11252 ||| FLEEEEING.
 11257 | Lair:5   | 11257 ||| INVOKING Heroism.
 11294 | Lair:5   | Found a blossoming altar of Fedhas.
 11330 | Lair:5   | 11330 ||| Stepping ~*~*~tactically~*~*~ (stealth).
 11453 | Lair:5   | 11453 ||| INVOKING Heroism.
 11465 | Lair:5   | Reached skill level 9 in Shields
 11551 | Lair:5   | 11551 ||| INVOKING Heroism.
 11561 | Lair:5   | 11561 ||| SWAPPING to +1 eveningstar.
 11569 | Lair:5   | HP: 12/82 [death yak[a torpor snail] (13)]
 11569 | Lair:5   | HP: 3/82 [eight-headed hydra (9)]
 11570 | Lair:5   | 11570 ||| READING 3 scrolls of teleportation.
 11571 | Lair:5   | 11571 ||| DRINKING 5 potions of heal wounds.
 11574 | Lair:5   | 11574 ||| DRINKING 4 potions of heal wounds.
 11575 | Lair:5   | 11575 ||| SWAPPING to +1 vampiric war axe.
 11712 | Lair:5   | 11712 ||| FLEEEEING.
 11713 | Lair:5   | 11713 ||| FLEEEEING.
 11715 | Lair:5   | 11715 ||| FLEEEEING.
 11716 | Lair:5   | 11716 ||| FLEEEEING.
 11717 | Lair:5   | 11717 ||| FLEEEEING.
 11718 | Lair:5   | 11718 ||| FLEEEEING.
 11719 | Lair:5   | 11719 ||| FLEEEEING.
 11720 | Lair:5   | 11720 ||| FLEEEEING.
 11721 | Lair:5   | 11721 ||| FLEEEEING.
 11722 | Lair:5   | 11722 ||| INVOKING Heroism.
 12009 | Lair:5   | 12009 ||| INVOKING Heroism.
 12014 | Lair:5   | 12014 ||| SWAPPING to +1 eveningstar.
 12017 | Lair:5   | 12017 ||| SWAPPING to +1 vampiric war axe.
 12050 | Lair:5   | Found a runed translucent door.
 12050 | Lair:5   | Noticed an ice dragon
 12074 | Lair:5   | 12074 ||| Stepping ~*~*~tactically~*~*~ (stealth).
 12097 | Lair:5   | 12097 ||| INVOKING Heroism.
 12190 | Lair:5   | 12190 ||| FLEEEEING.
 12197 | Lair:5   | 12197 ||| INVOKING Heroism.
 12301 | Lair:5   | Identified the +1 falchion of Flawed Execution {elec, SInv}
 12306 | Lair:5   | 12306 ||| Stepping ~*~*~tactically~*~*~ (stealth).
 12315 | Lair:5   | Received a gift from Okawaru
 12334 | Lair:5   | Found a viscous altar of Jiyva.
 12334 | Lair:5   | Found a staircase to the Slime Pits.
 12488 | Lair:5   | 12488 ||| READING scroll labelled BUT OPLEKYARCHI.
 12489 | Lair:5   | 12489 ||| PLANNING D:1-11
 12677 | D:9      | 12677 ||| INVOKING Heroism.
 12679 | D:9      | 12679 ||| Stepping ~*~*~tactically~*~*~ (stealth).
 12681 | D:9      | Reached skill level 9 in Armour
 12684 | D:9      | 12684 ||| Stepping ~*~*~tactically~*~*~ (hiding).
 12692 | D:9      | Gained mutation: Your large and strong wings let you fly.
                  | [Gargoyle growth]
 12692 | D:9      | Reached XP level 14. HP: 88/88 MP: 21/21
 12711 | D:9      | Reached skill level 14 in Axes
 12757 | D:9      | Found Zajebb's Distillery.
 12761 | D:9      | 12761 ||| BUYING 2 potions of haste (300 gold).
 12761 | D:9      | Bought 2 potions of haste for 300 gold pieces
 12761 | D:9      | 12761 ||| BUYING potion of curing (45 gold).
 12761 | D:9      | Bought a potion of curing for 45 gold pieces
 12761 | D:9      | 12761 ||| BUYING potion of curing (45 gold).
 12761 | D:9      | Bought a potion of curing for 45 gold pieces
 12761 | D:9      | 12761 ||| BUYING potion of haste (150 gold).
 12761 | D:9      | Bought a potion of haste for 150 gold pieces
 12761 | D:9      | 12761 ||| BUYING potion of haste (150 gold).
 12761 | D:9      | Bought a potion of haste for 150 gold pieces
 12761 | D:9      | 12761 ||| SHOPLISTING potion of heal wounds (75 gold, have
                  | 58).
 12761 | D:9      | 12761 ||| SHOPLISTING potion of mutation (120 gold, have
                  | 58).
 12773 | D:9      | Found Ulimoawk's Distillery.
 12781 | D:9      | 12781 ||| SHOPLISTING 2 potions of attraction (96 gold,
                  | have 58).
 12781 | D:9      | 12781 ||| SHOPLISTING 2 potions of lignification (96 gold,
                  | have 58).
 12781 | D:9      | 12781 ||| SHOPLISTING potion of enlightenment (80 gold,
                  | have 58).
 12781 | D:9      | 12781 ||| SHOPLISTING potion of heal wounds (80 gold, have
                  | 58).
 12781 | D:9      | 12781 ||| SHOPLISTING potion of might (64 gold, have 58).
 12815 | D:9      | 12815 ||| Stepping ~*~*~tactically~*~*~ (stealth).
 12954 | D:9      | Found Ozolis's Assorted Antiques.
 12963 | D:9      | 12963 ||| BUYING potion of curing (72 gold).
 12963 | D:9      | Bought a potion of curing for 72 gold pieces
 12963 | D:9      | 12963 ||| SHOPLISTING potion of heal wounds (120 gold, have
                  | 16).
 12963 | D:9      | 12963 ||| SHOPLISTING scroll of teleportation (72 gold,
                  | have 16).
 12963 | D:9      | 12963 ||| SHOPLISTING viscous white potion (21 gold, have
                  | 16).
 12975 | D:9      | Found a staircase to the Orcish Mines.
 12991 | D:9      | 12991 ||| INVOKING Heroism.
 13213 | D:9      | 13213 ||| READING scroll of enchant armour.
 13213 | D:9      | 13213 ||| ENCHANTING +0 pair of gloves of dexterity.
 13233 | D:9      | Found Boll's Antique Weapon Boutique.
 13472 | D:9      | 13472 ||| UPGRADING to amulet of faith.
 13477 | D:9      | 13477 ||| DRINKING 2 metallic sapphire potions.
 13503 | D:10     | Entered Level 10 of the Dungeon
 13787 | D:10     | Noticed qw's ghost (journeyman GrFi)
 13808 | D:10     | You are sucked into a shaft and drop 2 floors!
 13908 | D:12     | 13908 ||| Stepping ~*~*~tactically~*~*~ (stealth).
 13977 | D:12     | Identified the +3 ring mail of Pohomn {rF+ rC+ Dex-2}
                  | (Okawaru gifted it to you on level 12 of the Dungeon)
 13977 | D:12     | Received a gift from Okawaru
 14031 | D:12     | 14031 ||| READING scroll labelled QOSMUPT UNWER.
 14032 | D:12     | 14032 ||| READING scroll labelled UDE PASMUONUAP.
 14107 | D:10     | 14107 ||| Stepping ~*~*~tactically~*~*~ (stealth).
 14109 | D:10     | 14109 ||| Stepping ~*~*~tactically~*~*~ (stealth).
 14111 | D:10     | 14111 ||| Stepping ~*~*~tactically~*~*~ (hiding).
 14113 | D:10     | 14113 ||| Stepping ~*~*~tactically~*~*~ (hiding).
 14114 | D:10     | 14114 ||| Stepping ~*~*~tactically~*~*~ (hiding).
 14115 | D:10     | 14115 ||| Stepping ~*~*~tactically~*~*~ (hiding).
 14129 | D:10     | Noticed Joseph
 14141 | D:10     | Killed Joseph
 14185 | D:10     | Reached skill level 12 in Shields
 14328 | D:10     | Found a runed translucent door.
 14857 | D:11     | 14857 ||| INVOKING Heroism.
 14977 | D:11     | Found a glowing silver altar of Zin.
 14987 | D:11     | 14987 ||| Stepping ~*~*~tactically~*~*~ (stealth).
 14989 | D:11     | 14989 ||| Stepping ~*~*~tactically~*~*~ (hiding).
 14997 | D:11     | 14997 ||| Stepping ~*~*~tactically~*~*~ (stealth).
 15020 | D:11     | 15020 ||| FLEEEEING.
 15021 | D:11     | 15021 ||| FLEEEEING.
 15022 | D:11     | 15022 ||| FLEEEEING.
 15025 | D:11     | 15025 ||| FLEEEEING.
 15026 | D:11     | 15026 ||| FLEEEEING.
 15027 | D:11     | 15027 ||| FLEEEEING.
 15028 | D:11     | 15028 ||| FLEEEEING.
 15029 | D:11     | 15029 ||| FLEEEEING.
 15033 | D:11     | 15033 ||| FLEEEEING.
 15034 | D:11     | 15034 ||| Stepping ~*~*~tactically~*~*~ (hiding).
 15036 | D:11     | 15036 ||| Stepping ~*~*~tactically~*~*~ (hiding).
 15039 | D:11     | 15039 ||| Stepping ~*~*~tactically~*~*~ (hiding).
 15040 | D:11     | 15040 ||| Stepping ~*~*~tactically~*~*~ (hiding).
 15086 | D:11     | Identified the +4 ring mail "Cizu Afo" {Fly Dex+2}
 15091 | D:11     | 15091 ||| Stepping ~*~*~tactically~*~*~ (hiding).
 15252 | D:11     | 15252 ||| INVOKING Heroism.
 15253 | D:11     | 15253 ||| INVOKING Finesse.
 15998 | D:11     | 15998 ||| PLANNING D
 15998 | D:11     | 15998 ||| UPGRADING to +0 helmet.
 16039 | D:12     | 16039 ||| Stepping ~*~*~tactically~*~*~ (stealth).
 16040 | D:12     | 16040 ||| Stepping ~*~*~tactically~*~*~ (stealth).
 16082 | D:12     | 16082 ||| READING scroll of enchant armour.
 16082 | D:12     | 16082 ||| ENCHANTING +1 pair of gloves of dexterity.
 16335 | D:12     | 16335 ||| INVOKING Heroism.
 16486 | D:12     | 16486 ||| INVOKING Heroism.
 16646 | D:12     | 16646 ||| READING scroll labelled CYORIBI TIMELO.
 16813 | D:13     | 16813 ||| INVOKING Heroism.
 16819 | D:13     | Reached skill level 15 in Axes
 17031 | D:13     | 17031 ||| INVOKING Heroism.
 17032 | D:13     | 17032 ||| INVOKING Finesse.
 17035 | D:13     | 17035 ||| SWAPPING to +1 eveningstar.
 17040 | D:13     | 17040 ||| SWAPPING to +1 vampiric war axe.
 17356 | D:14     | 17356 ||| Stepping ~*~*~tactically~*~*~ (hiding).
 17357 | D:14     | 17357 ||| Stepping ~*~*~tactically~*~*~ (hiding).
 17370 | D:14     | 17370 ||| Stepping ~*~*~tactically~*~*~ (hiding).
 17371 | D:14     | 17371 ||| Stepping ~*~*~tactically~*~*~ (hiding).
 17398 | D:14     | 17398 ||| Stepping ~*~*~tactically~*~*~ (hiding).
 17419 | D:14     | 17419 ||| Stepping ~*~*~tactically~*~*~ (stealth).
 17424 | D:14     | Identified Roxanne's Spellbook of Evolution
 17424 | D:14     | Noticed Roxanne
 17425 | D:14     | 17425 ||| INVOKING Heroism.
 17426 | D:14     | 17426 ||| Stepping ~*~*~tactically~*~*~ (stealth).
 17434 | D:14     | 17434 ||| INVOKING Finesse.
 17469 | D:14     | 17469 ||| INVOKING Heroism.
 17474 | D:14     | Killed Roxanne
 17487 | D:14     | 17487 ||| Stepping ~*~*~tactically~*~*~ (stealth).
 17488 | D:14     | 17488 ||| Stepping ~*~*~tactically~*~*~ (stealth).
 17491 | D:14     | 17491 ||| Stepping ~*~*~tactically~*~*~ (stealth).
 17492 | D:14     | 17492 ||| Stepping ~*~*~tactically~*~*~ (stealth).
 17497 | D:14     | 17497 ||| Stepping ~*~*~tactically~*~*~ (stealth).
 17505 | D:14     | Reached skill level 12 in Fighting
 17596 | D:14     | 17596 ||| INVOKING Heroism.
 17600 | D:14     | Reached XP level 15. HP: 96/96 MP: 19/22
 17613 | D:14     | Received a gift from Okawaru
 17617 | D:14     | Received a gift from Okawaru
 17669 | D:14     | Found a gate to the Vaults.
 17690 | D:14     | 17690 ||| Stepping ~*~*~tactically~*~*~ (hiding).
 17704 | D:14     | Found Epsuss's Magic Scroll Shop.
 17719 | D:14     | 17719 ||| BUYING scroll of brand weapon (114 gold).
 17719 | D:14     | Bought a scroll of brand weapon for 114 gold pieces
 17719 | D:14     | 17719 ||| BUYING scroll of enchant weapon (90 gold).
 17719 | D:14     | Bought a scroll of enchant weapon for 90 gold pieces
 17719 | D:14     | 17719 ||| BUYING scroll of identify (24 gold).
 17719 | D:14     | Bought a scroll of identify for 24 gold pieces
 17719 | D:14     | 17719 ||| BUYING scroll of teleportation (36 gold).
 17719 | D:14     | Bought a scroll of teleportation for 36 gold pieces
 17719 | D:14     | 17719 ||| READING scroll of enchant weapon.
 17719 | D:14     | 17719 ||| ENCHANTING +1 vampiric war axe.
 17795 | D:14     | 17795 ||| Stepping ~*~*~tactically~*~*~ (hiding).
 17804 | D:14     | 17804 ||| INVOKING Heroism.
 17912 | D:14     | 17912 ||| INVOKING Heroism.
 17917 | D:14     | 17917 ||| READING 7 scrolls of teleportation.
 17918 | D:14     | HP: 18/96 [enormous slime creature (65)]
 17919 | D:14     | 17919 ||| DRINKING 5 potions of heal wounds.
 18275 | D:14     | Received a gift from Okawaru
 18361 | D:15     | Entered Level 15 of the Dungeon
 18380 | D:15     | 18380 ||| INVOKING Heroism.
 18500 | D:15     | Found a staircase to the Depths.
 18524 | D:15     | Reached skill level 16 in Axes
 18609 | D:15     | 18609 ||| Stepping ~*~*~tactically~*~*~ (hiding).
 18619 | D:15     | 18619 ||| INVOKING Heroism.
 18628 | D:15     | HP: 22/96 [white ugly thing (27)]
 18629 | D:15     | 18629 ||| READING 6 scrolls of teleportation.
 18630 | D:15     | 18630 ||| DRINKING 4 potions of heal wounds.
 18630 | D:15     | Mangled by a white ugly thing

Levels and vault maps discovered:
D:1:      scummos_arrival_simple_fountains, layout_loops_ring,
          dreamdust_ecumenical_altar_statues, chequers_serial_rivers_micro_d
D:2:      layout_loops_ring, basic_altar, uniq_jessica, uniq_sigmund
D:3:      layout_basic, grunt_decor_resistance, minivault_23, uniq_terence
D:4:      layout_loops_ring, roderic_lattice_a
D:5:      layout_loops_ring
D:6:      layout_loops_ring, fedhas_bush_and_centaur_altar, old_standard_altar,
          minitemple
D:7:      layout_cave_pools, minmay_temple_entry_statues_fountains,
          roderic_serpentine_path, roderic_roman_lattice
D:8:      nicolae_cairo_tiling_very_big, layout_cave_pools, lair_entry_dummy
D:9:      layout_roguey, serial_shops, nicolae_shop_advertising_works
          [nicolae_subvault_shop_adworks], shop, shop_statue,
          nicolae_shop_overgrown_old_shop, minivault_16,
          minmay_chambers_of_fives
D:10:     layout_roguey, hellmonk_ghost_big_iron, uniq_joseph
D:11:     layout_basic, serial_rivers, chequers_serial_rivers_micro_a,
          chequers_serial_rivers_micro_c, chequers_serial_rivers_small_3,
          chequers_serial_rivers_small_b, zin_scriptorium
D:12:     layout_loops_cross, kennysheep_big_empty_room, reono_crystal_passage
D:13:     layout_long_grid
D:14:     layout_basic, erik_vaults_2, serial_shops, nicolae_diamond_shop,
          nicolae_the_louvre, uniq_roxanne
D:15:     gammafunk_depths_entry_grave, layout_basic, lemuel_round_altar
Temple:   chequers_temple_sunken
Lair:1:   layout_cave_pods, serial_bayou_shore_a, grunt_megastairs_4
Lair:2:   minmay_guarded_unrand_snakebite, layout_chaotic_city,
          nicolae_shoals_entry_roost, spider_nest_entry_web_field,
          infiniplex_staircase_pool_2
Lair:3:   layout_gridlike, grunt_forest_small_clearings, uniq_amaemon
Lair:4:   nzn_winding_woodlands_cross [nzn_winding_woodlands_5x15_default,
          nzn_winding_woodlands_5x15_garden, nzn_winding_woodlands_5x15_parted,
          nzn_winding_woodlands_5x15_crooked,
          nzn_winding_woodlands_15x15_eel_pit], layout_cave_pods, basic_altar,
          serial_bayou_shore_b
Lair:5:   wormcave, layout_concentric_octagons, minmay_slime_entry_pillars,
          basic_altar, eino_house_with_fridge, grunt_megastairs_1,
          serial_bayou_shore_b, uniq_urug

Skill      XL: |  1  2  3  4  5  6  7  8  9 10 11 12 13 14 15 |
---------------+----------------------------------------------+-----
Axes           | 2 3 5 6 7 9 10 11 12 13 15 16 | 16.0
Throwing       | 1 2 3 4 5 |  5.8
Fighting       | 4 6 8 9 10 12 | 12.0
Dodging        | 1 3 |  3.1
Shields        | 4 5 6 11 12 | 12.0
Armour         | 4 5 6 7 9 10 11 | 11.1
Invocations    | 3 4 7 10 | 10.0

Action                     |  1- 3 |  4- 6 |  7- 9 | 10-12 | 13-15 || total
---------------------------+-------+-------+-------+-------+-------++-------
  Melee: War axe           |    89 |   110 |   258 |   375 |   924 ||  1756
         Kick              |     4 |    18 |    68 |    86 |   367 ||   543
         Eveningstar       |       |       |       |       |    15 ||    15
  Throw: Javelin           |       |    19 |    53 |    43 |    97 ||   212
         Boomerang         |       |       |    31 |    92 |    70 ||   193
 Invoke: Heroism           |       |       |     4 |    15 |    25 ||    44
         Finesse           |       |       |       |       |     6 ||     6
    Use: Scroll            |     7 |     3 |     8 |     4 |    11 ||    33
         Potion            |     3 |     1 |     1 |       |     5 ||    10
 Armour: Scale mail        |    34 |       |       |       |       ||    34
         Chain mail        |     8 |    54 |   133 |   147 |    14 ||   356
         Plate armour      |       |       |       |       |   301 ||   301
  Dodge: Dodged            |    28 |    42 |    92 |   255 |   299 ||   716
  Block: Buckler           |    15 |    16 |    52 |   121 |     4 ||   208
         Kite shield       |       |       |       |       |   592 ||   592

Table legend:
 A = Non-vault XP
 B = Vault XP
 C = Vault XP percentage of total XP
 D = Non-vault monster count
 E = Vault monster count
 F = Vault count percentage of total count
                 A         B        C        D         E       F
            +---------+---------+-------+---------+---------+-------
      Total |   71446 |   36864 |  34.0 |     437 |      96 |  18.0
            +---------+---------+-------+---------+---------+-------
        D:1 |      35 |       0 |   0.0 |      20 |       0 |   0.0
        D:2 |      41 |     288 |  87.5 |      18 |       2 |  10.0
        D:3 |     174 |      36 |  17.1 |      31 |       1 |   3.1
        D:4 |     343 |       0 |   0.0 |      26 |       0 |   0.0
        D:5 |     405 |       0 |   0.0 |      14 |       0 |   0.0
        D:6 |     785 |     115 |  12.8 |      24 |       1 |   4.0
        D:7 |    1736 |       0 |   0.0 |      32 |       0 |   0.0
        D:8 |     523 |       0 |   0.0 |      16 |       0 |   0.0
        D:9 |    2758 |    2558 |  48.1 |      20 |       6 |  23.1
       D:10 |    4046 |     439 |   9.8 |      19 |       1 |   5.0
       D:11 |    3459 |       0 |   0.0 |      17 |       0 |   0.0
       D:12 |    8476 |       0 |   0.0 |      31 |       0 |   0.0
       D:13 |    6261 |       0 |   0.0 |      21 |       0 |   0.0
       D:14 |   11069 |    8284 |  42.8 |      34 |       9 |  20.9
       D:15 |    1589 |    5906 |  78.8 |       3 |       8 |  72.7
     Lair:1 |    4090 |    1331 |  24.6 |      24 |       7 |  22.6
     Lair:2 |    4010 |    3397 |  45.9 |      18 |      12 |  40.0
     Lair:3 |    9582 |    1198 |  11.1 |      37 |       2 |   5.1
     Lair:4 |    4755 |    1818 |  27.7 |      12 |       7 |  36.8
     Lair:5 |    7309 |   11494 |  61.1 |      20 |      40 |  66.7
            +---------+---------+-------+---------+---------+-------
